 Dungeon Crawl Stone Soup version 0.28.0-53-g5a82cb258f (webtiles) character file.

Game seed: 1799507728649414694

40 issech the Chopper (level 3, 0/33 HPs)
             Began as a Minotaur Monk on June 19, 2022.
             Slain by Terence
             ... wielding a +0 mace
              (2 damage)
             ... on level 2 of the Dungeon.
             The game lasted 00:04:23 (1407 turns).

issech the Chopper (Minotaur Monk)                  Turns: 1407, Time: 00:04:24

Health: 0/33       AC:  2    Str: 15    XL:     3   Next: 30%
Magic:  2/2        EV: 13    Int:  7    God:
Gold:   32         SH:  0    Dex: 14    Spells: 2/2 levels left

rFire   . . .      SeeInvis .   a - +0 hand axe
rCold   . . .      Faith    .   (no shield)
rNeg    . . .      Spirit   .   b - +0 robe
rPois   .          Reflect  .   (helmet restricted)
rElec   .          Harm     .   (no cloak)
rCorr   .          Rampage  .   (no gloves)
Will    .....                   (no boots)
Stlth   ++........              (no amulet)
HPRegen 0.11/turn               (no ring)
MPRegen 0.08/turn               (no ring)

@: no status effects
A: horns 2, retaliatory headbutt
a: no special abilities


You were on level 2 of the Dungeon.
You visited 1 branch of the dungeon, and saw 2 of its levels.

You collected 32 gold pieces.

Inventory:

Hand Weapons
 a - a +0 hand axe (weapon)
Missiles
 e - 9 stones (quivered)
Armour
 b - a +0 robe (worn)
Scrolls
 c - 3 scrolls of identify {unknown}
 d - a scroll of fear {unknown}
 h - 2 scrolls of enchant weapon {unknown}
 i - a scroll of torment {unknown}
Potions
 f - a potion of might {unknown}
 g - a potion of curing {unknown}
 j - a potion of cancellation {unknown}


   Skills:
 + Level 4.2 Fighting
 + Level 4.7 Axes
 + Level 3.4 Dodging
 + Level 1.6 Stealth


You had 2 spell levels left.
You didn't know any spells.
Your spell library was empty.

Dungeon Overview and Level Annotations

Branches:
Dungeon (2/15)

Altars:

Annotations:
D:2 Terence


Innate Abilities, Weirdness & Mutations

You have a pair of horns on your head.
You reflexively headbutt those who attack you in melee.


Message History

There is a stone staircase leading down here.
You climb downwards.
There is a stone staircase leading up here.
Terence the Incautious comes into view.
He is wielding a +0 mace and carrying a wand of flame (10).
Terence shouts!
A giant cockroach comes into view.
Terence zaps a wand.
The puff of flame hits you. Terence screams, "I want your blood!"
The teleport trap disappears.
Terence disappears!
The giant cockroach misses you. The giant cockroach closely misses you.
There is a stone staircase leading up here.
You hit the giant cockroach.
You kill the giant cockroach!
You see here a giant cockroach corpse.
There is a stone staircase leading up here.
You climb upwards.
There is a stone staircase leading down here.
You climb downwards.
Level annotation: Terence
There is a stone staircase leading up here.
You hit Terence but do no damage. Terence hits you with a +0 mace!
You hit Terence.
Terence is lightly wounded.
Terence hits you with a +0 mace.
You closely miss Terence. You headbutt Terence.
Terence is moderately wounded.
Terence hits you with a +0 mace.
You barely miss Terence.
Terence is moderately wounded.
Terence hits you with a +0 mace.
* * * LOW HITPOINT WARNING * * *
You hit Terence but do no damage.
Terence is moderately wounded.
Terence hits you with a +0 mace.
* * * LOW HITPOINT WARNING * * *
You barely miss Terence.
Terence is moderately wounded.
Terence hits you with a +0 mace.
You die...

### ...
#.## #..
.#
#.####...#
#........#
#..###...#
#..@@....#
##.#.....#
#.#####.#
#.. # ####


You could see Terence.

Vanquished Creatures
  A dart slug (D:1)
  5 ball pythons (D:1)
  2 giant cockroaches
  4 goblins (D:1)
  7 hobgoblins (D:1)
  5 kobolds (D:1)
  3 quokkas (D:1)
  A frilled lizard (D:1)
  4 rats (D:1)
32 creatures vanquished.

Notes
Turn   | Place    | Note
-------+----------+-------------------------------------------
     0 | D:1      | issech the Minotaur Monk began the quest for the Orb.
     0 | D:1      | Reached XP level 1. HP: 19/19 MP: 0/0
    59 | D:1      | Reached XP level 2. HP: 10/27 MP: 1/1
   693 | D:1      | Reached XP level 3. HP: 31/33 MP: 2/2
  1387 | D:2      | Noticed Terence
  1407 | D:2      | Slain by Terence

Illustrated notes

Levels and vault maps discovered:
D:1:      onia_arrival_handbag, layout_loops_ring, roderic_lattice_a,
          chequers_serial_rivers_large_b, roderic_malta_cross
D:2:      layout_basic, serial_shops, shop_statue, uniq_terence, uniq_robin

Skill      XL: |  1  2 |
---------------+-------+-----
Axes           | 4 |  4.7
Fighting       | 4 |  4.2
Dodging        | |  3.4
Stealth        | |  1.6

Action                   || total
-------------------------++-------
Melee: Hand axe          ||    75
       Headbutt          ||    16
       Punch             ||     1
 Stab: Sleeping          ||     2
Armor: Robe              ||    10
Dodge: Dodged            ||    38
